 Dungeon Crawl Stone Soup version 0.18.1-50-g88ac8fd (webtiles) character file.

92787 juanjsm the Unseen (level 15, -7/72 HPs)
             Began as a Spriggan Enchanter on Sept 19, 2016.
             Was a High Priest of Okawaru.
             Mangled by a mace of protection (19 damage)
             ... on level 1 of the Elven Halls on Sept 22, 2016.
             The game lasted 03:09:11 (28062 turns).

juanjsm the Unseen (Spriggan Enchanter)            Turns: 28062, Time: 03:09:12

Health: -7/72      AC:  7    Str:  4    XL:     15   Next: 58%
Magic:  12/33      EV: 31    Int: 17    God:    Okawaru [*****.]
Gold:   1916       SH:  0    Dex: 25    Spells: 7 memorised, 20 levels left

rFire  + . .     SeeInvis +     N - +3 dagger (speed)
rCold  + . .     Gourm    .     a - +2 robe {rC+ rF+}
rNeg   . . .     Faith    .     (shield restricted)
rPois  +         Spirit   .     A - +2 hat "Luczokhlaja" {+Blink rElec}
rElec  +         Dismiss  .     i - +0 cloak {rPois}
rCorr  .         Reflect  .     (gloves unavailable)
SustAt .         Harm     .     (boots unavailable)
MR     ++...                    e - amulet of magic regeneration
Stlth  ++++++++..               G - ring of wizardry
                                Q - ring of flight

@: very slightly contaminated, very quick, very resistant to hostile
enchantments, extraordinarily stealthy
A: unfitting armour, see invisible, agile 1, herbivore 3, speed 3, frail 1, slow
metabolism 2
a: Heroism, Finesse, Renounce Religion, Evoke Blink, Evoke Flight


You were on level 1 of the Elven Halls.
You worshipped Okawaru.
Okawaru was extremely pleased with you.
You were not hungry.

You visited 7 branches of the dungeon, and saw 29 of its levels.
You also visited: Labyrinth, Sewer and Volcano.

You collected 2512 gold pieces.
You spent 596 gold pieces at shops.

Inventory:

Hand Weapons
 N - a +3 dagger of speed (weapon)
Missiles
 f - 4 throwing nets (quivered)
Armour
 a - a +2 robe of resistance (worn)
 c - the +1 swamp dragon armour of Integrity {rPois SInv, unknown}
   (Okawaru gifted it to you on level 1 of the Shoals)

   It protects you from poison.
   It lets you see invisible.
 i - a +0 cloak of poison resistance (worn)
 y - a +0 buckler of poison resistance
 A - the +2 hat "Luczokhlaja" (worn) {+Blink rElec}
   (Okawaru gifted it to you on level 5 of the Lair of Beasts)

   It insulates you from electricity.
   It lets you blink.
Jewellery
 e - an amulet of magic regeneration (around neck)
 G - a ring of wizardry (right hand)
 Q - a ring of flight (left hand)
Scrolls
 j - a scroll of immolation {unknown}
 s - 14 scrolls of teleportation
Potions
 b - a potion of invisibility
 g - 2 potions of magic
 h - 9 potions of flight
 n - 8 potions of curing
 p - 3 potions of might
 r - 5 potions of resistance
 x - 7 potions of lignification
 B - 2 potions of cancellation
 D - a potion of heal wounds
 F - 3 potions of agility
 H - 3 potions of brilliance
 K - 5 potions of haste
Books
 k - the Reference Book on Creative Talismans
   (You found it on level 1 of the Spider Nest)

   Spells                             Type                      Level
   a - Infusion                       Charms                       1
   b - Call Imp                       Summoning                    2
   c - Summon Guardian Golem          Hexes/Summoning              3
   d - Summon Ice Beast               Ice/Summoning                4
   e - Summon Mana Viper              Hexes/Summoning              5
Miscellaneous
 v - an ornate deck of defence {the Helm}
 M - a lamp of fire
 R - a disc of storms
 U - a plain deck of changes {the Helix}
 Z - a sack of spiders
Comestibles
 d - 14 bread rations
 V - 24 fruits
 W - a slice of pizza


   Skills:
 + Level 9.9 Fighting
 - Level 10.0 Short Blades
 + Level 15.6 Dodging
 + Level 17.2 Stealth
 * Level 5.3 Shields
 + Level 13.4 Spellcasting
 - Level 11.6 Hexes
 + Level 4.6 Invocations
 + Level 9.5 Evocations


You had 20 spell levels left.
You knew the following spells:

 Your Spells              Type           Power        Failure   Level  Hunger
a - Corona                Hex            ######.      1%          1    None
b - Ensorcelled Hibernat  Hex/Ice        ####..       1%          2    None
c - Confuse               Hex            ######..     1%          3    None
d - Dazzling Spray        Conj/Hex       ####..       1%          3    None
e - Silence               Hex/Air        ####......   7%          5    ####...
f - Spectral Weapon       Hex/Chrm       ####....     1%          3    None
g - Regeneration          Chrm/Necr      ##........   9%          3    None


Dungeon Overview and Level Annotations

Branches:
Dungeon (15/15)            Temple (1/1) D:5            Lair (8/8) D:11
 Shoals (1/4) Lair:3       Spider (1/4) Lair:3        Slime (0/6) Lair:8
    Orc (2/2) D:11            Elf (1/3) Orc:2        Vaults (0/5) D:14
 Depths (0/5) D:15

Altars:
Ashenzari
Cheibriados
Dithmenos
Elyvilon
Fedhas
Gozag
Kikubaaqudgha
Nemelex Xobeh
Okawaru
Pakellas
Qazlal
Ru
Sif Muna
Trog
Vehumet
Xom
Yredelemnul
Zin
The Shining One
Jiyva

Shops:
D:6 *   Orc:1 ?   Orc:2 %%(:*?=


Innate Abilities, Weirdness & Mutations

You are tiny and cannot use many weapons and most armour.
You have supernaturally acute eyesight.
You are a herbivore.
You cover ground extremely quickly.
You need consume almost no food.
You are agile. (Dex +2)
You are frail (-10% HP).


Message History

You miscast Dazzling Spray.
You are very lightly contaminated with residual magic.
Your skin glows momentarily.
The mace of protection hits you!
* * * LOW HITPOINT WARNING * * *
You see here a short sword.
You see here a short jewelled staff.
Casting: Dazzling Spray
Confirm with . or Enter, or press ? or * to list all spells.
Aiming: Dazzling Spray
Press: ? - help, Shift-Dir - straight line, f/p - mace of protection
Aim: a mace of protection (moderately damaged)
The spray of energy hits the mace of protection.
The mace of protection is moderately damaged.
The mace of protection hits you.
* * * LOW HITPOINT WARNING * * *
There is a staircase back to the Mines here.
The mace of protection hits you.
* * * LOW HITPOINT WARNING * * *
The mace of protection hits you!!
You die...

#####
#...#
#.@.#
#.(.#
##.##
#.#
#.#
#|#
##.##
#...#
#...#


You could see a mace of protection.

Vanquished Creatures
  Maud (Lair:7)
  Donald (D:14)
  A minotaur (Lab)
  Snorg (Lair:7)
  Josephine (Shoals:1)
  A merfolk impaler (Shoals:1)
  10 hydras
  2 ice dragons (D:15)
  2 death knights
  4 ogre magi (Orc:2)
  A centaur warrior (D:15)
  2 merfolk aquamancers (Shoals:1)
  2 death yaks (Lair:8)
  2 tengu warriors (D:15)
  Urug (Lair:4)
  2 skeletal warriors
  An unseen horror (D:14)
  5 hill giants
  2 orc knights
  3 orc sorcerers
  3 ugly things
  A phantasmal warrior (D:15)
  4 deep elf magi
  3 wolf spiders
  A salamander (shapeshifter) (D:13)
  The ghost of Miyamura the Charlatan, a novice DrAr (D:5)
  3 griffons
  2 manticores (D:11)
  6 cyclopes
  Joseph (D:9)
  6 black mambas
  A torpor snail (Spider:1)
  Maurice (Orc:2)
  20 spiny frogs
  2 rime drakes
  9 komodo dragons
  2 efreet (D:15)
  A freezing wraith (D:15)
  2 polar bears
  6 merfolk
  A jumping spider (Lair:3)
  5 trolls
  6 giant leeches (Lair:8)
  4 slime creatures (D:15)
  8 blink frogs
  13 two-headed ogres
  A snapping turtle (Shoals:1)
  2 water elementals
  A spriggan (Lair:8)
  10 redbacks
  A tarantella (Spider:1)
  3 wyverns
  9 wraiths
  22 humans
  26 yaks
  9 vampire mosquitoes
  2 hungry ghosts
  A basilisk (Lair:8)
  A fire bat (Volcano)
  11 hippogriffs
  A warg (Orc:1)
  A soldier ant (D:13)
  Menkaure (D:7)
  12 water moccasins
  12 porcupines
  A black bear (D:6)
  A swamp drake (D:11)
  3 ice beasts
  2 sky beasts (D:9)
  27 orc warriors
  30 ogres
  8 wolves
  A phantom (D:13)
  8 crocodiles
  7 centaurs
  4 big kobolds
  35 giant frogs
  2 gnoll sergeants
  A wyvern zombie (D:6)
  5 scorpions
  9 killer bees
  6 electric eels
  12 wights
  A vampire bat (Lair:6)
  8 centaur zombies
  2 howler monkeys (D:10)
  The ghost of DrChewbacca the Magician, a weakling HEWz (D:4)
  4 crimson imps
  3 quasits
  7 hounds
  3 centaur skeletons
  17 orc priests
  Crazy Yiuf (D:3)
  4 jellies
  23 orc wizards
  4 giant frog skeletons
  2 gnoll shamans (Orc:2)
  9 iguanas
  Ijyb (Lair:3)
  11 hell rats
  7 worker ants
  12 sheep
  2 worker ant zombies
  Robin (D:4)
  25 gnolls
  A howler monkey skeleton (D:9)
  7 adders
  90 river rats
  A shadow imp (D:7)
  An ooze (Sewer)
  An adder zombie (D:5)
  2 adder skeletons (D:4)
  3 worms
  3 dart slugs
  6 giant geckos
  92 orcs
  12 giant cockroaches
  16 goblins
  6 hobgoblins
  13 jackals
  6 quokkas
  5 ball pythons
  17 bats
  4 giant newts
  7 kobolds
  A quokka zombie (D:5)
  5 rats
892 creatures vanquished.

Vanquished Creatures (others)
  2 ogres (Orc:2)
  4 sheep (D:3)
  14 fungi
  12 plants
  A spectral weapon (Shoals:1)
33 creatures vanquished.

Grand Total: 925 creatures vanquished

Notes
Turn   | Place    | Note
--------------------------------------------------------------
     0 | D:1      | juanjsm the Spriggan Enchanter began the quest for the Orb.
     0 | D:1      | Reached XP level 1. HP: 9/9 MP: 5/5
   163 | D:1      | Reached XP level 2. HP: 8/13 MP: 6/6
   167 | D:1      | Learned a level 2 spell: Ensorcelled Hibernation
   564 | D:2      | Reached XP level 3. HP: 9/17 MP: 0/8
   569 | D:2      | Learned a level 3 spell: Confuse
   787 | D:2      | Reached skill level 5 in Stealth
  1211 | D:3      | Reached skill level 1 in Fighting
  1211 | D:3      | Reached XP level 4. HP: 22/22 MP: 3/9
  1216 | D:3      | Learned a level 3 spell: Dazzling Spray
  1587 | D:3      | Found a shimmering altar of Xom.
  1788 | D:3      | Noticed Crazy Yiuf
  1792 | D:3      | Killed Crazy Yiuf
  2033 | D:4      | Noticed an ogre
  2042 | D:4      | Killed an ogre
  2042 | D:4      | Reached XP level 5. HP: 25/25 MP: 3/11
  2103 | D:4      | Noticed an ogre
  2110 | D:4      | Killed an ogre
  2110 | D:4      | Reached skill level 5 in Dodging
  2110 | D:4      | Reached XP level 6. HP: 30/30 MP: 7/12
  2196 | D:4      | Reached skill level 6 in Stealth
  2338 | D:4      | Noticed Robin
  2360 | D:4      | Killed Robin
  2569 | D:4      | Found a radiant altar of Vehumet.
  2571 | D:4      | Found a blossoming altar of Fedhas.
  2690 | D:4      | Noticed DrChewbacca's ghost (weakling HEWz)
  2719 | D:4      | Killed DrChewbacca's ghost
  3381 | D:5      | Entered Level 5 of the Dungeon
  3381 | D:5      | Noticed Miyamura's ghost (novice DrAr)
  3649 | D:5      | Found a staircase to the Ecumenical Temple.
  3654 | Temple   | Entered the Ecumenical Temple
  3762 | Temple   | Became a worshipper of Warmaster Okawaru
  4033 | D:5      | Reached skill level 5 in Hexes
  4033 | D:5      | Reached XP level 7. HP: 35/35 MP: 9/14
  4152 | D:5      | Killed Miyamura's ghost
  4152 | D:5      | Reached * piety under Okawaru
  4152 | D:5      | Reached skill level 7 in Stealth
  4408 | D:6      | Found a glowing drain.
  4446 | Sewer    | Entered a sewer
  4459 | Sewer    | Reached XP level 8. HP: 27/39 MP: 1/16
  4546 | Sewer    | Reached skill level 5 in Spellcasting
  4987 | D:6      | Found Nuetant's Serpentskin Sales.
  4991 | D:6      | Reached ** piety under Okawaru
  5004 | D:6      | Found a glowing golden altar of the Shining One.
  5071 | D:6      | Found a shadowy altar of Dithmenos.
  5123 | D:6      | Reached skill level 8 in Stealth
  5310 | D:6      | Reached skill level 5 in Short Blades
  5334 | D:6      | Found a glowing silver altar of Zin.
  5362 | D:6      | Reached *** piety under Okawaru
  5760 | D:7      | Reached XP level 9. HP: 45/45 MP: 11/19
  5869 | D:7      | Noticed Menkaure
  5872 | D:7      | Killed Menkaure
  5936 | D:7      | Reached skill level 9 in Stealth
  6557 | D:8      | Found a sparkling altar of Nemelex Xobeh.
  6817 | D:8      | Reached **** piety under Okawaru
  7361 | D:9      | Reached skill level 10 in Stealth
  7361 | D:9      | Reached XP level 10. HP: 51/51 MP: 17/22
  7422 | D:9      | Reached ***** piety under Okawaru
  7466 | D:9      | Noticed Joseph
  7570 | D:9      | Killed Joseph
  7774 | D:9      | Reached skill level 5 in Fighting
  7814 | D:9      | Noticed a three-headed hydra
  8059 | D:9      | Killed a three-headed hydra
  8144 | D:9      | Reached skill level 10 in Dodging
  8565 | D:10     | Entered Level 10 of the Dungeon
  8569 | D:10     | Found a shimmering altar of Xom.
  8588 | D:10     | Reached skill level 11 in Stealth
  8994 | D:10     | Noticed a hill giant
  8996 | D:10     | Killed a hill giant
  9500 | D:11     | Reached XP level 11. HP: 56/56 MP: 24/24
  9946 | D:11     | Reached ****** piety under Okawaru
  9946 | D:11     | Received a gift from Okawaru
  9993 | D:11     | Found a staircase to the Orcish Mines.
 10313 | D:11     | Found a staircase to the Lair.
 10500 | Lair:1   | Entered Level 1 of the Lair of Beasts
 10626 | Lair:2   | Reached skill level 12 in Stealth
 10758 | Lair:2   | Noticed a six-headed hydra
 10779 | Lair:2   | Killed a six-headed hydra
 11145 | Lair:2   | Found a dark tunnel.
 11150 | Volcano  | Entered a volcano
 11209 | Volcano  | Reached skill level 10 in Hexes
 11224 | Volcano  | Found a radiant altar of Vehumet.
 11224 | Volcano  | Noticed an orc knight
 11231 | Volcano  | Killed an orc knight
 11231 | Volcano  | Received a gift from Okawaru
 11754 | Lair:1   | Reached skill level 13 in Stealth
 11762 | Lair:1   | Reached XP level 12. HP: 58/62 MP: 11/26
 12088 | Lair:2   | Reached skill level 10 in Spellcasting
 12351 | Lair:3   | Noticed Ijyb
 12706 | Lair:4   | Noticed a death yak
 12706 | Lair:4   | Noticed a death yak
 12706 | Lair:4   | Noticed a death yak
 12706 | Lair:4   | Noticed a death yak
 12708 | Lair:4   | Noticed a death yak
 12900 | Lair:3   | Noticed a four-headed hydra
 12904 | Lair:3   | Noticed an eight-headed hydra
 12914 | Lair:3   | Killed an eight-headed hydra
 12928 | Lair:3   | Killed a four-headed hydra
 13083 | Lair:3   | Found a staircase to the Shoals.
 13135 | Lair:3   | Found a hole to the Spider Nest.
 13301 | Lair:3   | Killed Ijyb
 13424 | Lair:3   | Received a gift from Okawaru
 14034 | Lair:4   | Noticed Urug
 14041 | Lair:4   | Noticed a death yak
 14047 | Lair:4   | Killed Urug
 14590 | Lair:5   | Noticed a four-headed hydra
 14812 | Lair:5   | Killed a four-headed hydra
 14895 | Lair:5   | Reached skill level 14 in Stealth
 14953 | Lair:5   | Received a gift from Okawaru
 14954 | Lair:5   | Got a shimmering hat {god gift}
 14960 | Lair:5   | Identified the +2 hat "Luczokhlaja" {+Blink rElec} (Okawaru gifted it to you on level 5 of the Lair of Beasts)
 15325 | Lair:6   | Found a labyrinth entrance.
 15360 | Lab      | Entered a labyrinth
 15546 | Lab      | Noticed a minotaur
 15578 | Lab      | Killed a minotaur
 15961 | Lair:7   | Noticed a five-headed hydra
 15968 | Lair:7   | Killed a five-headed hydra
 15968 | Lair:7   | Reached skill level 10 in Short Blades
 15968 | Lair:7   | Reached XP level 13. HP: 67/67 MP: 29/29
 16183 | Lair:7   | Reached skill level 1 in Evocations
 16444 | Lair:7   | Noticed Snorg
 16455 | Lair:7   | Killed Snorg
 16471 | Lair:7   | Noticed Maud
 16504 | Lair:7   | Killed Maud
 16788 | Lair:8   | Entered Level 8 of the Lair of Beasts
 16998 | Lair:8   | Reached skill level 15 in Stealth
 17106 | Lair:8   | Found a staircase to the Slime Pits.
 17106 | Lair:8   | Found a viscous altar of Jiyva.
 17392 | Lair:8   | Received a gift from Okawaru
 17502 | Lair:8   | Reached skill level 5 in Evocations
 19034 | Lair:4   | Reached XP level 14. HP: 74/74 MP: 28/31
 19176 | Lair:2   | Identified a +7 rod of clouds (9/9) (You took it off a minotaur in a labyrinth)
 19177 | Lair:2   | Identified a +5 rod of clouds (13/13) (You found it in a labyrinth)
 19189 | Lair:2   | Learned a level 5 spell: Silence
 19893 | D:13     | Reached skill level 16 in Stealth
 20294 | D:13     | Received a gift from Okawaru
 20616 | D:13     | Got a twisted quarterstaff
 20651 | D:14     | Found a gate to the Vaults.
 20651 | D:14     | Noticed Donald
 20766 | D:13     | Reached skill level 1 in Shields
 21362 | D:14     | Found an ancient bone altar of Kikubaaqudgha.
 21481 | D:14     | Killed Donald
 21481 | D:14     | Reached skill level 1 in Invocations
 21677 | D:14     | Found a glowing golden altar of the Shining One.
 21986 | D:15     | Entered Level 15 of the Dungeon
 22409 | D:15     | Received a gift from Okawaru
 22637 | D:15     | Reached skill level 15 in Dodging
 22787 | D:15     | Found a staircase to the Depths.
 23785 | D:14     | Got an ichor-stained hand crossbow
 23924 | Orc:1    | Entered Level 1 of the Orcish Mines
 23924 | Orc:1    | Found Yrijig's Magic Scroll Shop.
 23928 | Orc:1    | Bought a scroll of magic mapping for 42 gold pieces
 23928 | Orc:1    | Bought a scroll of fear for 42 gold pieces
 23928 | Orc:1    | Bought a scroll of identify for 24 gold pieces
 23928 | Orc:1    | Bought a scroll of identify for 24 gold pieces
 23928 | Orc:1    | Bought a scroll of identify for 24 gold pieces
 24063 | Lair:2   | Identified the +10 quarterstaff of Loerr {antimagic, Int+2} (You found it on level 13 of the Dungeon)
 24065 | Lair:2   | Identified the +4 hand crossbow "Meuroal" {venom, Dex+7} (You found it on level 14 of the Dungeon)
 24099 | Lair:2   | Gained mutation: Your mind is acute. (Int +2) [potion of mutation]
 24099 | Lair:2   | Gained mutation: You are agile. (Dex +2) [potion of mutation]
 24100 | Lair:2   | Lost mutation: Your mind is acute. (Int +2) [potion of mutation]
 24100 | Lair:2   | Gained mutation: You are frail (-10% HP). [potion of mutation]
 24127 | Lair:2   | Learned a level 3 spell: Spectral Weapon
 24304 | Orc:1    | Reached XP level 15. HP: 62/72 MP: 24/33
 24734 | Orc:2    | Entered Level 2 of the Orcish Mines
 24780 | Orc:2    | Found a staircase to the Elven Halls.
 25273 | Orc:2    | Found Geluhasa's Food Shoppe.
 25290 | Orc:2    | Found Mehumak's Food Shoppe.
 25345 | Orc:2    | Found Yzoaw's Book Shop.
 25887 | Orc:2    | Found Buaj's Magic Scroll Shoppe.
 25967 | Orc:2    | Found Butret's Antique Weapon Emporium.
 25968 | Orc:2    | Found Bikuewea's Assorted Antiques.
 25990 | Orc:2    | Bought a scroll of teleportation for 48 gold pieces
 25990 | Orc:2    | Bought a scroll of identify for 32 gold pieces
 25990 | Orc:2    | Bought a scroll of identify for 32 gold pieces
 25990 | Orc:2    | Bought a scroll of identify for 32 gold pieces
 25990 | Orc:2    | Bought a scroll of identify for 32 gold pieces
 25990 | Orc:2    | Bought a scroll of enchant armour for 120 gold pieces
 25990 | Orc:2    | Bought a scroll of teleportation for 48 gold pieces
 26096 | Orc:2    | Noticed Maurice
 26114 | Orc:2    | Killed Maurice
 26153 | Orc:2    | Found Huetzed's Jewellery Shoppe.
 26256 | Orc:2    | Bought a scroll of identify for 48 gold pieces
 26256 | Orc:2    | Bought a scroll of identify for 48 gold pieces
 26632 | Shoals:1 | Entered Level 1 of the Shoals
 26653 | Shoals:1 | Noticed Josephine
 26668 | Shoals:1 | Reached skill level 17 in Stealth
 26868 | Shoals:1 | Received a gift from Okawaru
 26869 | Shoals:1 | Got a spiked swamp dragon armour {god gift}
 27140 | Shoals:1 | Reached skill level 5 in Shields
 27149 | Shoals:1 | Killed Josephine
 27328 | Lair:2   | Learned a level 3 spell: Regeneration
 27383 | Spider:1 | Entered Level 1 of the Spider Nest
 27576 | Spider:1 | Identified the Reference Book on Creative Talismans
 28005 | Elf:1    | Entered Level 1 of the Elven Halls
 28062 | Elf:1    | Mangled by a mace of protection

Skill      XL: |  1  2  3  4  5  6  7  8  9 10 11 12 13 14 15 |
---------------+----------------------------------------------+-----
Stealth        | 5 6 7 8 10 11 13 14 15 16 17 | 17.2
Short Blades   | 2 3 4 5 6 7 8 10 | 10.0
Spellcasting   | 3 4 6 7 8 9 11 12 13 | 13.4
Dodging        | 4 5 6 7 9 10 11 13 14 15 | 15.6
Fighting       | 1 2 3 4 5 6 7 8 9 |  9.9
Hexes          | 4 5 6 7 9 10 11 | 11.6
Evocations     | 6 8 9 |  9.5
Shields        | 3 5 |  5.3
Invocations    | 3 4 |  4.6

Action                   |  1- 3 |  4- 6 |  7- 9 | 10-12 | 13-15 || total
-------------------------+-------+-------+-------+-------+-------++-------
Melee: Dagger            |    85 |   320 |   278 |   589 |   877 ||  2149
 Cast: Corona            |     3 |       |       |       |       ||     3
       Ensorcelled Hiber |    31 |    31 |   100 |   248 |   486 ||   896
       Confuse           |       |    12 |    24 |    58 |   217 ||   311
       Dazzling Spray    |       |     5 |     6 |    21 |    65 ||    97
       Spectral Weapon   |       |       |       |       |     1 ||     1
 Abil: Evoke Flight      |       |       |       |     1 |     1 ||     2
  Use: Scroll            |       |       |     4 |     7 |    13 ||    24
       Potion            |       |       |       |     1 |     8 ||     9
 Stab: Sleeping          |    31 |    32 |    72 |   210 |   292 ||   637
       Confused          |       |     8 |    17 |    25 |    84 ||   134
       Invisible         |       |       |     2 |    13 |    35 ||    50
       Distracted        |       |       |       |     5 |     9 ||    14
  Eat: Pizza             |       |     2 |     1 |     1 |     7 ||    11
       Fruit             |       |     2 |       |       |       ||     2
       Royal jelly       |       |       |     1 |     2 |     1 ||     4
       Bread ration      |       |       |     1 |       |       ||     1
Armor: Robe              |     5 |     4 |    23 |    24 |    34 ||    90
Dodge: Dodged            |    49 |    49 |   215 |   495 |   935 ||  1743
